AoeStats
← Tunga

Arabia

505860497Analyzed
1v1 RM · 21d ago on Sep 11, 2026· 44m 44s· 2 players
Game mode
Random Map
Map size
Tiny (2 player)
Population
200
Speed
Normal
Resources
Standard
Victory
Conquest
Starting age
Dark Age
Ending age
Imperial Age
RankedLock teamsTeams togetherTeam positionsShared explorationLock speedFull tech treeHidden civsTurbo modeCheats
Victory
Defeat
🇪🇸 Franks · Spain
729
+17
🇹🇷 Koreans · Türkiye
761
-17
Tunga
10:16 Feudal Age
8:32 Loom
11:55 Wheelbarrow
25:05 Castle Age
24:44 Fletching
26:02 Horse Collar
26:18 Gold Mining
27:14 Pikeman
27:55 Squires
32:57 Stone Mining
34:24 Scale Mail Armor
35:51 Double-Bit Axe
44:13 Elite Skirmisher
Adc88
7:17 Loom
10:14 Feudal Age
10:42 Double-Bit Axe
11:14 Man-at-Arms
17:25 Forging
21:28 Castle Age
19:47 Scale Barding Armor
23:31 Bow Saw
23:15 Gold Mining
24:08 Iron Casting
25:11 Husbandry
25:45 Chain Barding Armor
31:07 Gold Shaft Mining
32:32 Wheelbarrow
35:47 Imperial Age
34:19 Ballistics
33:59 Murder Holes
37:09 Plate Barding Armor
37:35 Blast Furnace
37:38 Conscription
37:21 Chivalry
37:50 Elite Throwing Axeman
40:30 Chemistry
39:59 #83
40:42 Cavalier
42:39 Hoardings
42:44 Devotion
Connection lost

Rejoining the realm…

Still unreachable

The connection could not be restored.

Session expired

The server has moved on; the page needs a fresh start.